 Dungeon Crawl Stone Soup version 0.21.1-1-g345015f (webtiles) character file.

11335 xccam the Basher (level 12, 0/91 HPs)
             Began as a Formicid Fighter on Mar 30, 2018.
             Was the Champion of Cheibriados.
             Killed by divine providence
             ... invoked by an orc priest
              (14 damage)
             ... on level 11 of the Dungeon.
             The game lasted 00:22:54 (9553 turns).

xccam the Basher (Formicid Fighter)                 Turns: 9553, Time: 00:22:55

Health: 0/91       AC: 21    Str: 39    XL:     12   Next: 6%
Magic:  17/17      EV: 14    Int: 24    God:    Cheibriados [******]
Gold:   375        SH: 15    Dex: 26    Spells: 11/11 levels left

rFire    + . .     SeeInvis +   J - +1 morningstar
rCold    . . .     Gourm    +   c - +0 shield
rNeg     . . .     Faith    .   j - +2 chain mail {rF+}
rPois    .         Spirit   .   (helmet unavailable)
rElec    .         Reflect  .   t - +2 cloak
rCorr    .         Harm     .   b - +0 pair of gloves
MR       +....                  h - +0 pair of boots
Stlth    ..........             o - amulet of the gourmand
HPRegen  0.25/turn              k - +3 ring of protection
MPRegen  0.15/turn              B - ring of wizardry

@: very slow
A: permanent stasis, dig shafts and tunnels, four strong arms, antennae 3
a: Dig, Shaft Self, Bend Time, Temporal Distortion, Slouch, Step From Time,
Renounce Religion


You were on level 11 of the Dungeon.
You worshipped Cheibriados.
Cheibriados was exalted by your worship.
You were completely stuffed.

You visited 1 branch of the dungeon, and saw 11 of its levels.
You also visited: Sewer.

You collected 567 gold pieces.
You spent 192 gold pieces at shops.

Inventory:

Hand Weapons
 J - a +1 morningstar (weapon)
Armour
 b - a +0 pair of gloves (worn)
 c - a +0 shield (worn)
 d - a +0 plate armour
 h - a +0 pair of boots (worn)
 j - a +2 chain mail of fire resistance (worn)
 q - a +0 large shield
 t - a +2 cloak (worn)
Jewellery
 k - a +3 ring of protection (left hand)
 o - an amulet of the gourmand (around neck)
 B - a ring of wizardry (right hand)
 D - an uncursed amulet of harm
 E - an uncursed amulet of guardian spirit
Wands
 a - a wand of disintegration (13)
 y - a wand of enslavement (7)
 A - a wand of acid (23)
 C - a wand of paralysis (32)
Scrolls
 g - 5 scrolls of immolation
 p - 2 scrolls of identify
 w - 7 scrolls of remove curse
 x - a scroll of amnesia
 z - 2 scrolls of enchant armour
 F - 2 scrolls of fear
Potions
 e - a potion of curing
 i - 3 potions of invisibility
 l - 2 potions of ambrosia
 n - 2 potions of resistance
 r - 3 potions of haste {unknown}
 s - a potion of lignification {unknown}
 u - a potion of heal wounds
Books
 v - a book of Callings

   Spells                             Type                      Level
   a - Summon Small Mammal            Summoning                    1
   b - Call Imp                       Summoning                    2
   c - Call Canine Familiar           Summoning                    3
   d - Summon Guardian Golem          Hexes/Summoning              3
   e - Summon Lightning Spire         Summoning/Air                4
   f - Summon Ice Beast               Ice/Summoning                4
 H - a book of Cantrips

   Spells                             Type                      Level
   a - Confusing Touch                Hexes                        1
   b - Animate Skeleton               Necromancy                   1
   c - Summon Small Mammal            Summoning                    1
   d - Apportation                    Translocation                1
Comestibles
 f - 21 rations
 m - 3 chunks of flesh


   Skills:
 + Level 7.1 Fighting
 * Level 12.5 Maces & Flails
 + Level 7.0 Armour
 + Level 5.1 Dodging
 - Level 9.0 Shields
 + Level 6.7 Invocations


You had 11 spell levels left.
You didn't know any spells.

Dungeon Overview and Level Annotations

Branches:
Dungeon (11/15)            Temple (0/1) D:6            Lair (0/6) D:8
    Orc: D:9-12

Altars:
Cheibriados
Gozag
Hepliaklqana
Kikubaaqudgha
Nemelex Xobeh
Ru
Trog
The Shining One

Shops:
D:7 ?

Portals:
Bazaar: D:11
Bailey: D:11


Innate Abilities, Weirdness & Mutations

You cannot be hasted, slowed, berserked, paralysed or teleported.
You can dig through walls and to a lower floor.
Your four strong arms can wield two-handed weapons with a shield.
You have a pair of large antennae on your head. (SInv)


Message History

* * * LOW HITPOINT WARNING * * *
Unknown command.
An orc comes into view. It is wielding a flail.
The orc shouts!
The orc priest looks encouraged for a moment.
The orc priest calls down the wrath of Beogh upon you.
You resist with significant effort.
The orc priest invokes the aid of Beogh against you.
Beogh smites you!
* * * LOW HITPOINT WARNING * * *
A brown ugly thing comes into view.
You closely miss the orc. The orc hits you but does no damage.
The orc priest hits you but does no damage.
You puncture the orc!
You kill the orc!
Cheibriados thoroughly appreciates the change of pace.
You closely miss the orc.
The orc priest invokes the aid of Beogh against you.
Beogh smites you!
You die...

....######## #......≈
#≈≈#........###. .#.....
≈≈≈≈........+.....#.≈###
≈≈≈≈........#....≈.≈≈{#
≈≈≈≈........#.#.≈≈≈≈≈≈#
≈≈..........#.#≈≈≈≈≈≈≈#
≈≈.≈........#.≈≈≈≈≈≈≈≈#
≈≈...........≈≈≈≈≈≈≈≈≈##
≈≈..)..@####≈≈≈≈≈≈≈≈≈≈≈.
≈≈.)∩))o# #≈≈≈≈≈≈≈≈≈≈≈#
≈≈..)o..# ##≈≈≈≈≈≈≈≈≈..
≈≈.....≈# #.≈≈≈≈≈≈≈##.
≈u≈≈≈≈≈≈≈ #.#≈≈≈≈≈# #∩
≈≈≈≈≈≈≈≈≈ #.#.≈≈≈## #≈
#≈≈≈≈≈≈≈≈ #.#.#÷#####≈
####≈≈≈≈## #..........≈
###########≈


You could see a brown ugly thing, an orc priest and an orc.

Vanquished Creatures
  3 two-headed ogres
  An ugly thing (D:11)
  A cyclops (D:8)
  Psyche (D:9)
  A queen bee (D:8)
  Sigmund (D:6)
  A wyvern (D:9)
  2 hungry ghosts (D:10)
  9 yaks
  The ghost of p0werm0de the Digger, an amateur GnEE (D:4)
  A porcupine (D:8)
  3 orc warriors
  A phantom (D:5)
  2 sky beasts
  3 ice beasts
  7 ogres
  5 centaurs
  2 crocodiles
  A big kobold (D:9)
  A gnoll sergeant (D:10)
  9 bullfrogs
  3 scorpions
  18 killer bees
  4 electric eels (D:11)
  5 wights (D:10)
  2 howler monkeys
  3 crimson imps
  A quasit (D:11)
  2 bullfrog zombies
  3 hounds
  3 jellies
  3 bullfrog skeletons
  7 orc priests
  Crazy Yiuf (D:6)
  5 centaur skeletons
  9 orc wizards
  An iguana (D:5)
  5 worker ants
  A killer bee zombie (D:10)
  2 hound zombies
  A hound skeleton (D:5)
  3 worker ant zombies
  8 gnolls
  13 adders
  A river rat (D:5)
  A shadow imp (D:6)
  An ooze (D:3)
  An adder zombie (D:8)
  2 adder skeletons
  3 worms
  3 dart slugs
  8 leopard geckos
  54 orcs
  A ball python (D:1)
  9 giant cockroaches
  6 goblins
  17 hobgoblins
  19 jackals
  4 quokkas
  7 bats
  4 frilled lizards
  20 kobolds
  14 rats
  A fungus (D:6)
335 creatures vanquished.

Vanquished Creatures (others)
  6 fungi (D:8)
  A plant (D:8)
7 creatures vanquished.

Grand Total: 342 creatures vanquished

Notes
Turn   | Place    | Note
-------+----------+-------------------------------------------
     0 | D:1      | xccam the Formicid Fighter began the quest for the Orb.
     0 | D:1      | Reached XP level 1. HP: 18/18 MP: 1/1
    27 | D:1      | Reached XP level 2. HP: 23/24 MP: 2/2
   105 | D:1      | Reached XP level 3. HP: 17/29 MP: 3/3
   154 | D:1      | Reached skill level 3 in Maces & Flails
   712 | D:2      | Found a sacrificial altar of Ru.
   719 | D:2      | Reached XP level 4. HP: 34/35 MP: 4/4
  1016 | D:2      | Found an ancient bone altar of Kikubaaqudgha.
  1370 | D:3      | Reached skill level 4 in Maces & Flails
  1377 | D:3      | Found a glowing golden altar of the Shining One.
  1380 | D:3      | Found a snail-covered altar of Cheibriados.
  1380 | D:3      | Found a hazy altar of Hepliaklqana.
  1387 | D:3      | Found an opulent altar of Gozag.
  1401 | D:3      | Reached XP level 5. HP: 38/41 MP: 5/5
  1658 | D:3      | Became a worshipper of Cheibriados the Contemplative
  2074 | D:3      | Reached * piety under Cheibriados
  2098 | D:3      | Reached skill level 5 in Shields
  2625 | D:4      | Found a bloodstained altar of Trog.
  2640 | D:4      | Reached XP level 6. HP: 37/47 MP: 6/6
  2686 | D:4      | Reached skill level 5 in Maces & Flails
  2789 | D:4      | Noticed an ogre
  2789 | D:4      | Noticed p0werm0de's ghost (amateur GnEE)
  2794 | D:4      | Killed an ogre
  2794 | D:4      | Reached XP level 7. HP: 51/52 MP: 7/7
  2797 | D:4      | Killed p0werm0de's ghost
  2797 | D:4      | Reached skill level 6 in Maces & Flails
  2900 | D:4      | Reached ** piety under Cheibriados
  3179 | D:5      | Entered Level 5 of the Dungeon
  3222 | D:5      | HP: 1/52 [sky beast (5)]
  3231 | D:5      | Reached skill level 7 in Maces & Flails
  3231 | D:5      | Reached XP level 8. HP: 14/58 MP: 8/8
  3493 | D:5      | Found a glowing drain.
  3514 | Sewer    | Entered a sewer
  3703 | D:5      | Reached *** piety under Cheibriados
  3718 | D:5      | Reached skill level 8 in Maces & Flails
  4222 | D:5      | Reached XP level 9. HP: 61/64 MP: 9/9
  4449 | D:5      | Reached skill level 9 in Maces & Flails
  4757 | D:6      | Reached **** piety under Cheibriados
  4786 | D:6      | Noticed Sigmund
  4793 | D:6      | Killed Sigmund
  4900 | D:6      | Reached skill level 10 in Maces & Flails
  4907 | D:6      | Found a staircase to the Ecumenical Temple.
  5026 | D:6      | Reached skill level 1 in Invocations
  5392 | D:6      | Found a runed door.
  5396 | D:6      | Noticed Crazy Yiuf
  5402 | D:6      | Killed Crazy Yiuf
  5473 | D:7      | Reached skill level 1 in Dodging
  5538 | D:7      | Reached ***** piety under Cheibriados
  5567 | D:7      | Reached XP level 10. HP: 71/71 MP: 11/11
  5826 | D:7      | Found Tetiddif's Magic Scroll Emporium.
  5835 | D:7      | Bought a scroll of fear for 42 gold pieces
  5835 | D:7      | Bought a scroll of remove curse for 36 gold pieces
  5835 | D:7      | Bought a scroll of identify for 24 gold pieces
  5835 | D:7      | Bought a scroll of enchant armour for 90 gold pieces
  6201 | D:8      | Noticed a two-headed ogre
  6214 | D:8      | Killed a two-headed ogre
  6274 | D:8      | Reached skill level 5 in Fighting
  6566 | D:8      | Reached skill level 11 in Maces & Flails
  6566 | D:8      | Reached skill level 5 in Armour
  6958 | D:8      | Noticed a cyclops
  6976 | D:8      | Killed a cyclops
  7027 | D:8      | Found a staircase to the Lair.
  7037 | D:8      | Reached XP level 11. HP: 80/80 MP: 14/14
  7179 | D:8      | Found a sparkling altar of Nemelex Xobeh.
  7440 | D:9      | Reached skill level 5 in Invocations
  7507 | D:9      | Reached ****** piety under Cheibriados
  7724 | D:9      | Noticed Psyche
  7731 | D:9      | Killed Psyche
  8200 | D:10     | Entered Level 10 of the Dungeon
  8508 | D:10     | Reached skill level 12 in Maces & Flails
  8637 | D:10     | Noticed a two-headed ogre
  8651 | D:10     | Killed a two-headed ogre
  9288 | D:11     | Noticed a red ugly thing
  9303 | D:11     | Killed a red ugly thing
  9349 | D:11     | Noticed a two-headed ogre
  9360 | D:11     | Killed a two-headed ogre
  9360 | D:11     | Reached skill level 5 in Dodging
  9360 | D:11     | Reached XP level 12. HP: 20/91 MP: 15/17
  9493 | D:11     | Found a flickering gateway to a bazaar.
  9545 | D:11     | Found a flagged portal.
  9553 | D:11     | Killed from afar by an orc priest

Skill      XL: |  1  2  3  4  5  6  7  8  9 10 11 |
---------------+----------------------------------+-----
Shields        | 4 5 6 8 9 |  9.0
Maces & Flails | 3 4 5 7 8 10 11 12 | 12.5
Invocations    | 2 4 6 |  6.7
Dodging        | 1 3 5 |  5.1
Fighting       | 4 5 7 |  7.1
Armour         | 5 7 |  7.0

Action                   |  1- 3 |  4- 6 |  7- 9 | 10-12 || total
-------------------------+-------+-------+-------+-------++-------
Melee: Flail             |   108 |   212 |   421 |   496 ||  1237
       Morningstar       |       |       |       |   145 ||   145
Invok: Temporal Distorti |       |       |       |     1 ||     1
  Use: Scroll            |       |     5 |     5 |    10 ||    20
       Potion            |       |     1 |     1 |     5 ||     7
  Eat: Chunk             |       |    15 |     4 |    20 ||    39
Armor: Scale mail        |    53 |    90 |       |       ||   143
       Chain mail        |       |       |   164 |   170 ||   334
Dodge: Dodged            |    40 |    68 |   117 |   240 ||   465
Block: Shield            |    57 |   121 |   285 |   445 ||   908
